 Dungeon Crawl Stone Soup version 0.26-a0-52-gd53d4cd058 (webtiles) character file.

Game seed: 14675740001414679699

99 MarredHen the Caller (level 4, 0/31 HPs)
             Began as a Tengu Summoner on June 5, 2020.
             Was an Initiate of Hepliaklqana.
             Succumbed to a worker ant's poison
             ... on level 2 of the Dungeon.
             The game lasted 00:06:12 (3136 turns).

MarredHen the Caller (Tengu Summoner)               Turns: 3136, Time: 00:06:13

Health: 0/31       AC:  2    Str:  7    XL:     4   Next: 72%
Magic:  3/9        EV: 14    Int: 16    God:    Hepliaklqana [......]
Gold:   93         SH:  3    Dex: 14    Spells: 8/9 levels left

rFire    + . .     SeeInvis .   h - +0 dagger
rCold    + . .     Gourm    .   l - +0 buckler
rNeg     . . .     Faith    .   a - +0 robe
rPois    +         Spirit   +   (helmet restricted)
rElec    +         Reflect  .   (no cloak)
rCorr    +         Harm     .   (no gloves)
MR       .....                  (boots unavailable)
Stlth    ..........             b - amulet of guardian spirit
HPRegen  0.10/turn              (no ring)
MPRegen  0.11/turn              (no ring)

@: berserking (expiring), lethally poisoned (0 -> -3), resistant, flying quickly
and evasively, hasted, very quick
A: reduced essence, beak, talons 3, deterioration 1, weak 1
a: Recall Ancestor, Ancestor Identity, Renounce Religion


You were on level 2 of the Dungeon.
You worshipped Hepliaklqana.
Hepliaklqana was noncommittal.
You were not hungry.

You visited 1 branch of the dungeon, and saw 3 of its levels.

You collected 93 gold pieces.

Inventory:

Hand Weapons
 h - a +0 dagger (weapon)
Armour
 a - a +0 robe (worn)
 l - a +0 buckler (worn)
Jewellery
 b - an amulet of guardian spirit (around neck)
Scrolls
 g - 6 scrolls of teleportation
 j - a scroll of enchant armour
Potions
 i - 3 potions of lignification
Comestibles
 c - 4 rations


   Skills:
 + Level 0.3 Fighting
 + Level 0.3 Short Blades
 + Level 2.4 Dodging
 + Level 2.2 Stealth
 + Level 3.2 Spellcasting
 + Level 5.8 Summonings


You had 8 spell levels left.
You knew the following spells:

 Your Spells              Type           Power        Failure   Level  Hunger
a - Summon Small Mammal   Summ           ###.         2%          1    None

Your spell library contained the following spells:

 Spells                   Type           Power        Failure   Level  Hunger
 Call Imp                 Summ           ###.....     4%          2    ##.....
 Call Canine Familiar     Summ           ###.....     9%          3    ###....
 Summon Guardian Golem    Hex/Summ       ##......     28%         3    ###....
 Summon Ice Beast         Ice/Summ       ##......     67%         4    ####...
 Summon Lightning Spire   Summ/Air       ##......     67%         4    ####...


Dungeon Overview and Level Annotations

Branches:
Dungeon (3/15)

Altars:
Hepliaklqana
Okawaru
The Shining One


Innate Abilities, Weirdness & Mutations

You have a beak for a mouth.
You have claws for feet.
Your life essence is reduced to manifest your ancestor. (-10% HP)
Your body sometimes deteriorates upon taking damage.
You are weak. (Str -2)


Message History

a +0 robe; a +0 dagger
* * * LOW HITPOINT WARNING * * *
You feel sick.
It was a potion of resistance.
You feel protected.
It was a potion of mutation.
You feel extremely strange.
You feel weaker.
You feel yourself wasting away.
You feel a little pissed off.
You feel a little more calm.
It was a potion of flight.
You feel very buoyant.
You swoop lightly up into the air.
* * * LOW HITPOINT WARNING * * *
You feel sick.
Unknown command.
It was a potion of haste.
You feel yourself speed up.
A red film seems to cover your vision as you go berserk!
You feel yourself moving faster!
You feel mighty!
You feel a strong urge to attack something.
You feel your anger nearly subside.
You die...

...........#..######........#....
..........###..##...........#....
..................##.............
.................###.########....
...............#...#.# #....
.........^.....###.#.# #....
..............####.#.# #....
.##.......>......#...# #....
..#.............@R>.)# #....
#.................##.# #####
##...###.#####...###.## ##...#
#.# #....##..###
.....###.#####....###...#####
............................#####
....#####.#.....####.............
#................###########.....
#...#####...............)........


You could see the friendly Impisi the ancestor.

Vanquished Creatures
  An orc wizard (D:2)
  2 adders (D:2)
  A dart slug (D:1)
  2 orcs (D:3)
  A bat (D:1)
  2 giant cockroaches (D:2)
  4 goblins
  2 hobgoblins (D:1)
  2 jackals (D:2)
  A kobold (D:1)
  A ball python (D:2)
  A frilled lizard (D:2)
  2 rats (D:1)
22 creatures vanquished.

Vanquished Creatures (collateral kills)
  Jessica (D:2)
  2 worms (D:2)
  A dart slug (D:2)
  A leopard gecko (D:2)
  A goblin (D:1)
  2 hobgoblins
  3 jackals
  A ball python (D:2)
  5 bats
  2 frilled lizards
  2 kobolds (D:2)
21 creatures vanquished.

Vanquished Creatures (others)
  An adder (D:3)
  An ancestor (D:3)
2 creatures vanquished.

Grand Total: 45 creatures vanquished

Notes
Turn   | Place    | Note
-------+----------+-------------------------------------------
     0 | D:1      | MarredHen the Tengu Summoner began the quest for the Orb.
     0 | D:1      | Reached XP level 1. HP: 10/10 MP: 4/4
   312 | D:1      | Reached skill level 5 in Summonings
   323 | D:1      | Reached XP level 2. HP: 11/15 MP: 3/6
  1539 | D:2      | Reached XP level 3. HP: 15/19 MP: 0/7
  1858 | D:2      | Noticed Jessica
  1870 | D:2      | Killed Jessica
  2052 | D:2      | Found a glowing golden altar of the Shining One.
  2052 | D:2      | Found a hazy altar of Hepliaklqana.
  2113 | D:2      | Became a worshipper of Hepliaklqana the Forgotten
  2230 | D:2      | Reached XP level 4. HP: 9/21 MP: 4/9
  2689 | D:3      | Found an iron altar of Okawaru.
  2869 | D:3      | HP: 1/21 [orc wizard/+0 dagger (2)]
  2874 | D:2      | HP: 1/21 [orc wizard/magic dart (6)]
  3128 | D:2      | HP: 1/21 [poisoned by a worker ant]
  3130 | D:2      | Gained mutation: You are weak. (Str -2) [potion of
                  | mutation]
  3130 | D:2      | Gained mutation: Your body sometimes deteriorates upon
                  | taking damage. [potion of mutation]
  3130 | D:2      | Gained mutation: You tend to lose your temper in combat.
                  | [potion of mutation]
  3130 | D:2      | Lost mutation: You tend to lose your temper in combat.
                  | [potion of mutation]
  3136 | D:2      | Succumbed to a worker ant's poison

Illustrated notes

Levels and vault maps discovered:
D:1:      nzn_arrival_crosshair, layout_basic
D:2:      layout_rooms, gammafunk_temple_overflow_wave, first_ration,
          uniq_jessica
D:3:      layout_basic, okawaru_gym_becter, uniq_ijyb

Skill      XL: |  1  2  3  4 |
---------------+-------------+-----
Summonings     | 5 |  5.8
Spellcasting   | 3 |  3.2
Fighting       | |  0.3
Short Blades   | |  0.3
Dodging        | |  2.4
Stealth        | |  2.2

Action                   |  1- 3 |  4- 6 || total
-------------------------+-------+-------++-------
Melee: Unarmed           |     6 |       ||     6
       Dagger            |    41 |    30 ||    71
       Kick              |    14 |     9 ||    23
       Peck              |     8 |     4 ||    12
 Cast: Summon Small Mamm |    55 |    17 ||    72
  Use: Scroll            |     3 |     7 ||    10
       Potion            |       |     7 ||     7
 Stab: Sleeping          |     1 |     1 ||     2
       Distracted        |       |     1 ||     1
  Eat: Chunk             |     3 |     1 ||     4
       Ration            |     1 |       ||     1
Armor: Robe              |    19 |     6 ||    25
Dodge: Dodged            |    60 |    27 ||    87
Block: Buckler           |       |     5 ||     5

Table legend:
 A = Non-vault XP
 B = Vault XP
 C = Vault XP percentage of total XP
 D = Non-vault monster count
 E = Vault monster count
 F = Vault count percentage of total count
                 A         B        C        D         E       F
            +---------+---------+-------+---------+---------+-------
      Total |     123 |      19 |  13.4 |      42 |       1 |   2.3
            +---------+---------+-------+---------+---------+-------
        D:1 |      23 |       0 |   0.0 |      15 |       0 |   0.0
        D:2 |      92 |      19 |  17.1 |      24 |       1 |   4.0
        D:3 |       8 |       0 |   0.0 |       3 |       0 |   0.0
            +---------+---------+-------+---------+---------+-------
